 Dungeon Crawl Stone Soup version 0.31-a0-460-g9e667d4245 (webtiles) character file.

Game seed: 10961258524397684143

154 RepHenryClay the Sneak (level 5, -1/39 HPs)
             Began as a Vampire Delver on Aug 5, 2023.
             Slain by a ball python (2 damage)
             ... in a sewer.
             The game lasted 00:01:12 (484 turns).

RepHenryClay the Sneak (Vampire Delver)              Turns: 484, Time: 00:01:12

Health: -1/39      AC:  3    Str: 11    XL:     5   Next: 13%
Magic:  5/5        EV:  9    Int: 13    God:
Gold:   0          SH:  0    Dex: 17    Spells: 4/4 levels left

rFire   . . .        i - +2 dagger (venom)
rCold   . . .        (no shield)
rNeg    . . .        b - +0 leather armour
rPois   .            (no helmet)
rElec   .            (no cloak)
rCorr   .            (no gloves)
SInv    +            (no boots)
Will    .....        (no amulet)
Stlth   +++          (no ring)
HPRegen 0.46/turn    (no ring)
MPRegen 0.09/turn

%: no passive effects
@: healing quickly, constricted
A: alive, fangs 3, see invisible, vampiric 2
a: Exsanguinate


You were in a sewer.
You visited 1 branch of the dungeon, and saw 3 of its levels.
You also visited: Sewer.

Inventory:

Hand Weapons
 a - a +0 falchion
 i - a +2 dagger of venom (weapon)
Armour
 b - a +0 leather armour (worn)
Wands
 g - a wand of digging (3)
Scrolls
 c - a scroll of fog
 e - a scroll of fear
 j - a scroll of identify {unknown}
Potions
 d - a potion of magic
 f - a potion of haste
 h - a potion of might {unknown}


   Skills:
 - Level 2.6 Fighting
 + Level 5.4 Long Blades
 - Level 2.1 Dodging
 - Level 7.2 Stealth


You had 4 spell levels left.
You didn't know any spells.
Your spell library was empty.

Dungeon Overview and Level Annotations

Branches:
Dungeon (5/15)              Sewer (1/1)
 Temple: D:4-7

Altars:


Innate Abilities, Weirdness & Mutations

Your natural rate of healing is accelerated.
You have razor-sharp teeth.
You have supernaturally acute eyesight. (SInv)
You are afflicted with vampirism and can become a bat while bloodless.


Message History

The river rat bites you!
Huge Dmg: -21%(-8hp) hp: 77%(30hp)
You escape the ball python's grasp.
The rat attacks as you move away! The rat bites you. The adder bites you.
The river rat misses you. The adder bites you.
Damage: -12%(-5hp) hp: 65%(25hp)
The ball python bites you but does no damage.
The ball python misses you. The river rat bites you!
Huge Dmg: -18%(-7hp) hp: 47%(18hp)
The ball python attacks as you move away!
The ball python bites you.
* * * LOW HITPOINT WARNING * * *
The ball python barely misses you.
The ball python bites you but does no damage.
The ball python grabs you. The ball python constricts you.
The adder barely misses you.
The frilled lizard unfolds its giant frill.
The ball python barely misses you.
Damage: -5%(-2hp) hp: 42%(16hp)
You escape the ball python's grasp.
The adder attacks as you move away! The adder bites you.
* * * LOW HITPOINT WARNING * * *
The river rat bites you.
* * * LOW HITPOINT WARNING * * *
Huge Dmg: -18%(-7hp) hp: 24%(9hp)
The river rat attacks as you move away! The river rat bites you!
* * * LOW HITPOINT WARNING * * *
The ball python attacks as you move away!
The ball python bites you but does no damage.
The ball python misses you.
The rat twitches its whiskers.
The adder bites you but does no damage.
Huge Dmg: -16%(-6hp) hp: 8%(3hp) It was a potion of magic.
Magic courses through your body. The ball python bites you.
* * * LOW HITPOINT WARNING * * *
The ball python barely misses you. x2; The ball python grabs you.
The ball python constricts you. The adder barely misses you.
The ball python bites you.
You die...

##.........~~~.....#
#..#.......~~~.....#
#.###......~~~.....#
#∩###.....~~~~......
####.....~l~~...#
##..†..rr~r..#
#...†r.r~≈~~.#
##....SS~~≈J~~.#
#..†..@S~~≈≈~.....
#......r~≈≈≈~.....#
#......~~≈≈≈~.....#
##.....~~≈≈≈~~.....
##....~≈≈≈≈~~.....
#...~~≈≈≈≈≈~#.
##...~~≈≈≈≈≈~#
#.....~≈≈≈≈≈~~
#.....~≈≈≈≈≈≈


You could see an adder, 2 river rats, an endoplasm, 2 ball pythons, a frilled
lizard and 4 rats.

Vanquished Creatures
  An ogre (D:4)
  2 adders (D:3)
  2 river rats (Sewer)
  3 orcs (D:3)
  5 giant cockroaches (D:3)
  2 goblins (D:4)
  3 kobolds (Sewer)
  2 quokkas
  A ball python (D:3)
  6 rats (Sewer)
27 creatures vanquished.

Notes
Turn   | Place    | Note
-------+----------+-------------------------------------------
     0 | D:5      | RepHenryClay the Vampire Delver began the quest for the
                  | Orb.
     0 | D:5      | Reached XP level 1. HP: 17/17 MP: 1/1
   120 | D:4      | Noticed an ogre
   132 | D:4      | Killed an ogre
   133 | D:4      | Reached XP level 2. HP: 22/23 MP: 2/2
   133 | D:4      | Gained mutation: You are afflicted with vampirism and can
                  | become a bat while bloodless. [Vampire growth]
   133 | D:4      | Reached XP level 3. HP: 26/28 MP: 3/3
   133 | D:4      | Reached XP level 4. HP: 32/34 MP: 4/4
   258 | D:3      | Found a glowing drain.
   274 | D:3      | Reached skill level 5 in Long Blades
   290 | Sewer    | Entered a sewer
   321 | Sewer    | Reached XP level 5. HP: 32/39 MP: 5/5
   484 | Sewer    | HP: 1/39 [ball python (2)]
   484 | Sewer    | Slain by a ball python

Illustrated notes

Levels and vault maps discovered:
D:3:      layout_basic, gup_sewer_entry_glass, gammafunk_ghost_grave,
          shapermc_ecumenical_altar_acropolis, minmay_joined_circles, uniq_ijyb
D:4:      layout_layer_cave, slow_altar_1
D:5:      kennysheep_windowed_halls, layout_basic, mainiacjoe_overflow_paths,
          minmay_temple_entry_wispy, kennysheep_generic_room_6
Sewer:    sewer_minmay_treatment

Skill      XL: |  1  2  3  4 |
---------------+-------------+-----
Long Blades    | 4 5 |  5.4
Fighting       | |  2.6
Dodging        | |  2.1
Stealth        | |  7.2

Action                     |  1- 3 |  4- 6 || total
---------------------------+-------+-------++-------
  Melee: Dagger            |    11 |    67 ||    78
         Bite              |     2 |     8 ||    10
         Falchion          |     2 |       ||     2
         Punch             |       |     1 ||     1
    Use: Scroll            |       |     2 ||     2
         Potion            |       |     1 ||     1
   Stab: Sleeping          |     1 |     5 ||     6
 Armour: Leather armour    |       |    13 ||    13
  Dodge: Dodged            |    13 |    61 ||    74

Table legend: (Time is in decaauts)
 A = Elapsed time spent in this place.
 B = Non-inter-level travel time spent in this place.
 C = Inter-level travel time spent in this place.
 D = Time resting spent in this place.
 E = Time spent auto-exploring this place.
 F = Levels seen in this place.
 G = Mean time per level.
                   A        B        C        D        E       F      G
               +--------+--------+--------+--------+--------+-----+--------+
         Total |    475 |    450 |     25 |     62 |    216 |   4 |  118.8 |
       Dungeon |    283 |    258 |     25 |     38 |    126 |   3 |   94.3 |
         Sewer |    191 |    191 |      0 |     24 |     90 |   1 |  191.0 |
               +--------+--------+--------+--------+--------+-----+--------+

Top non-repeatable levels by time:
   Sewer: 191 daAuts
     D:4: 173 daAuts
     D:3: 106 daAuts
     D:5: 4 daAuts
